 Dungeon Crawl Stone Soup version 0.27-a0-681-g0c81a3c1c3 (webtiles) character file.

Game seed: 13547982055976892856

17 jasper the Insei (level 2, -1/10 (14) HPs)
             Began as a Vine Stalker Transmuter on Mar 19, 2021.
             Slain by a rat (3 damage)
             ... on level 1 of the Dungeon.
             The game lasted 00:01:46 (576 turns).

jasper the Insei (Vine Stalker Transmuter)           Turns: 576, Time: 00:01:46

HP:   -1/10 (14)    AC:  2    Str: 12    XL:     2   Next: 62%
MP:   0/6           EV: 12    Int: 13    God:
Gold: 19            SH:  0    Dex: 14    Spells: 2/5 levels left

rFire    . . .     SeeInvis .     - Unarmed
rCold    . . .     Faith    .   (no shield)
rNeg     . . .     Spirit   +   a - +0 robe
rPois    .         Reflect  .   (no helmet)
rElec    .         Harm     .   (no cloak)
rCorr    .         Rampage  .   (no gloves)
Will     .....                  (no boots)
Stlth    +.........             (no amulet)
HPRegen  0.03/turn              (no ring)
MPRegen  0.10/turn              (no ring)

@: very heavily drained
A: fangs 2, magic shield, antimagic bite, no potion heal 3
a: no special abilities


You were on level 1 of the Dungeon.
You visited 1 branch of the dungeon, and saw 1 of its levels.

You collected 19 gold pieces.

Inventory:

Missiles
 b - 2 stones (quivered)
Armour
 a - a +0 robe (worn)
Scrolls
 e - a scroll of fear {unknown}
Potions
 c - a potion of cancellation {unknown}
 d - a potion of might {unknown}


   Skills:
 + Level 1.2 Fighting
 + Level 1.8 Dodging
 * Level 3.4 Unarmed Combat
 - Level 2.3 Spellcasting
 - Level 2.0 Transmutations


You had 2 spell levels left.
You knew the following spells:

 Your Spells              Type           Power      Damage    Failure   Level
a - Beastly Appendage     Tmut           12%        N/A       11%         1
b - Wereblood             Tmut           6%         N/A       16%         2

Your spell library contained the following spells:

 Spells                   Type           Power      Damage    Failure   Level
 Spider Form              Tmut/Pois      2%         N/A       43%         3
 Ice Form                 Ice/Tmut       4%         N/A       85%         4
 Blade Hands              Tmut           3%         N/A       96%         5


Dungeon Overview and Level Annotations

Branches:
Dungeon (1/15)

Altars:


Innate Abilities, Weirdness & Mutations

You have extremely sharp teeth.
When hurt, damage is shared between your health and your magic reserves.
Your bite disrupts and absorbs the magic of your enemies.
Potions cannot restore your health.


Message History

The goblin is heavily wounded.
The goblin hits you with a +1 dagger of draining.
You feel drained.
You take 4 damage, and have 9/13 hp.
MASSIVE DAMAGE!!
You now have 4/6 mp.
You hit the goblin but do no damage.
The goblin is heavily wounded.
The goblin hits you with a +1 dagger of draining.
You feel drained.
You take 3 damage, and have 6/12 hp.
MASSIVE DAMAGE!!
You now have 3/6 mp.
You closely miss the goblin. You claw the goblin.
The goblin is severely wounded.
The goblin closely misses you.
You barely miss the goblin. Your kick misses the goblin.
Your bite misses the goblin.
The goblin is severely wounded.
The goblin barely misses you.
You hit the goblin but do no damage.
The goblin is severely wounded.
The goblin barely misses you.
You hit the goblin but do no damage.
The goblin is severely wounded.
The goblin hits you with a +1 dagger of draining.
* * * LOW HITPOINT WARNING * * *
You feel drained.
* * * LOW HITPOINT WARNING * * *
You take 4 damage, and have 2/11 hp.
MASSIVE DAMAGE!!
You now have 1/6 mp.
You barely miss the goblin. You claw the goblin, but do no damage.
You bite the goblin, but do no damage.
The goblin is severely wounded.
The goblin hits you with a +1 dagger of draining.
* * * LOW HITPOINT WARNING * * *
You feel drained.
You take 1 damage, and have 1/10 hp.
You now have 0/6 mp.
You hit the goblin but do no damage. You claw the goblin.
You kill the goblin!
Your horns disappear.
Your talons disappear.
You hit the rat. You bite the rat, but do no damage.
The rat is heavily wounded.
The rat bites you.
You die...

........# #.......#
........# #.......#
........# #.......####
........#####.....[.#...
..........†.†...........
........#####.......#.
#.##..### #.......#
#.###.# #.......# ..#
#.# ####@##.# ..###)#
##r##.#... #.)...#
#.(....... #'###+##
#.............. .......#
............... .......#
..............# .⌠.8.⌠.#
..............# .......#
............... .......#
.....:.........


You could see a rat.

Vanquished Creatures
  An ooze (D:1)
  3 bats (D:1)
  A giant cockroach (D:1)
  3 goblins (D:1)
  A hobgoblin (D:1)
  A ball python (D:1)
  3 kobolds (D:1)
13 creatures vanquished.

Notes
Turn   | Place    | Note
-------+----------+-------------------------------------------
     0 | D:1      | jasper the Vine Stalker Transmuter began the quest for the
                  | Orb.
     0 | D:1      | Reached XP level 1. HP: 9/9 MP: 4/4
   166 | D:1      | Reached skill level 1 in Fighting
   306 | D:1      | Reached XP level 2. HP: 14/14 MP: 4/6
   312 | D:1      | Learned a level 2 spell: Wereblood
   576 | D:1      | Slain by a rat

Illustrated notes

Levels and vault maps discovered:
D:1:      dpeg_arrival_simpleton_b, layout_rooms, minmay_bisected

Skill      XL: |  1 |
---------------+----+-----
Fighting       | 1 |  1.2
Dodging        | |  1.8
Unarmed Combat | |  3.4
Spellcasting   | |  2.3
Transmutations | |  2.0

Action                   || total
-------------------------++-------
Melee: Unarmed           ||    29
       Bite              ||     5
       Kick              ||     6
       Headbutt          ||     2
       Punch             ||     1
Throw: Stone             ||     1
 Cast: Beastly Appendage ||     9
Armor: Robe              ||     6
Dodge: Dodged            ||    19

Table legend: (Time is in decaauts)
 A = Elapsed time spent in this place.
 B = Non-inter-level travel time spent in this place.
 C = Inter-level travel time spent in this place.
 D = Time resting spent in this place.
 E = Time spent auto-exploring this place.
 F = Levels seen in this place.
 G = Mean time per level.
                   A        B        C        D        E       F      G
               +--------+--------+--------+--------+--------+-----+--------+
         Total |    574 |    574 |      0 |    137 |    249 |   1 |  574.0 |
       Dungeon |    574 |    574 |      0 |    137 |    249 |   1 |  574.0 |
               +--------+--------+--------+--------+--------+-----+--------+

Top non-repeatable levels by time:
     D:1: 574 daAuts
